 Dungeon Crawl Stone Soup version 0.30.1-3-gfc49f6343a (webtiles) character file.

Game seed: 8510005100070371637

42 Bronimir the Ducker (level 3, -1/28 HPs)
             Began as a Djinni Gladiator on July 29, 2023.
             Slain by Ijyb
             ... wielding a +0 club
              (3 damage)
             ... on level 3 of the Dungeon.
             The game lasted 00:02:43 (2027 turns).

Bronimir the Ducker (Djinni Gladiator)              Turns: 2027, Time: 00:02:43

Health: -1/28      AC:  4    Str: 15    XL:     3   Next: 77%
Gold:   65         EV: 12    Int:  9    God:
                   SH:  0    Dex: 14

rFire   + + .        a - +0 long sword
rCold   x . .        (no shield)
rNeg    . . .        b - +0 leather armour
rPois   ∞            c - +0 helmet
rElec   .            (no cloak)
rCorr   .            (no gloves)
SInv    .            (boots unavailable)
Will    .....        (no amulet)
Stlth   +            (no ring)
HPRegen 0.24/turn    (no ring)
MPRegen 0.00/turn

%: infuse magic (-2 HP)
@: flying
A: sickness immunity, fire resistance 2, cold vulnerability 1, float, innate
caster, HP casting, extra vitality 1
a: no special abilities


You were on level 3 of the Dungeon.
You visited 1 branch of the dungeon, and saw 3 of its levels.

You collected 65 gold pieces.

Inventory:

Hand Weapons
 a - a +0 long sword (weapon)
 l - a +0 flail of holy wrath
Missiles
 d - 3 throwing nets
 e - a javelin
 i - 5 poisoned darts
Armour
 b - a +0 leather armour (worn)
 c - a +0 helmet (worn)
Jewellery
 j - a ring of ice
 p - a ring of see invisible
Wands
 o - a wand of mindburst (16)
Scrolls
 f - a scroll of silence {unknown}
 h - 4 scrolls of identify {unknown}
 m - a scroll of amnesia {unknown}
Potions
 g - 2 potions of haste {unknown}
 k - a potion of degeneration {unknown}
 n - a potion of berserk rage {unknown}
 q - a potion of attraction {unknown}
 r - a potion of heal wounds {unknown}


   Skills:
 + Level 2.3 Fighting
 * Level 3.3 Long Blades
 + Level 1.7 Throwing
 + Level 1.1 Armour
 + Level 3.4 Dodging
 * Level 0.1 Spellcasting


You knew the following spells:

 Your Spells              Type           Power      Damage    Failure   Level
a - Sting                 Tmut/Pois      0%         1d3       43%         1
Your spell library was empty.

Dungeon Overview and Level Annotations

Branches:
Dungeon (3/15)

Altars:
Ashenzari

Shops:
D:1 =

Annotations:
D:3 Ijyb


Innate Abilities, Weirdness & Mutations

You are immune to sickness and miasma.
You are immune to poison.
Your flesh is very heat resistant. (rF++)
You are vulnerable to cold. (rC-)
You float through the air rather than walking.
You learn spells naturally, not from books.
Your magical power is your life essence.
You have superior vitality. (+4 MHP)


Message History

The orc is heavily wounded.
The orc barely misses you.
The hobgoblin shouts!
You hit the orc.
You kill the orc!
You hit Ijyb but do no damage. The hobgoblin barely misses you.
Ijyb hits you with a +0 club.
The sting hits Ijyb.
Ijyb is poisoned.
Ijyb is lightly wounded.
Ijyb hits you with a +0 club. The hobgoblin closely misses you.
The sting hits Ijyb.
Ijyb looks even sicker.
Ijyb is lightly wounded.
Ijyb barely misses you. The hobgoblin closely misses you.
The sting hits Ijyb.
Ijyb looks even sicker.
Ijyb is moderately wounded.
Ijyb hits you with a +0 club. The hobgoblin closely misses you.
You are too injured to fight recklessly!
You closely miss Ijyb.
Ijyb is moderately wounded.
Ijyb barely misses you. The hobgoblin closely misses you.
You barely miss Ijyb.
Ijyb is moderately wounded.
Ijyb zaps a wand.
The bolt of dispelling energy hits you.
* * * LOW HITPOINT WARNING * * *
The hobgoblin hits you but does no damage.
You slash Ijyb!
Ijyb is severely wounded.
Ijyb completely misses you. The hobgoblin hits you.
* * * LOW HITPOINT WARNING * * *
Your magical contamination has completely faded away.
You hit Ijyb but do no damage.
Ijyb is severely wounded.
A hound comes into view.
Ijyb hits you with a +0 club.
* * * LOW HITPOINT WARNING * * *
The hobgoblin hits you but does no damage.
The hobgoblin hits you.
* * * LOW HITPOINT WARNING * * *
Ijyb hits you with a +0 club.
You die...

##.......##.....#
##........##..>..#
#..#.......#.....#
#..#..####.......#
#.#..## ###.....#
#<#.## ##.h...#
#.#.# ##......#
..#.# ##..##.###
.....# #g@##..#
....### #g## .##
...... ... #
....... #...
.....##. .....
##.... ##... #..<


You could see Ijyb (very poisoned), a hound (wandering) and a hobgoblin.

Vanquished Creatures
  A gnoll (D:1)
  An orc (D:3)
  4 endoplasms
  A giant cockroach (D:1)
  A goblin (D:1)
  3 hobgoblins
  A quokka (D:1)
  7 ball pythons
  2 bats (D:1)
  4 frilled lizards
  3 kobolds
  2 rats
30 creatures vanquished.

Notes
Turn   | Place    | Note
-------+----------+-------------------------------------------
     0 | D:1      | Bronimir the Djinni Gladiator began the quest for the Orb.
     0 | D:1      | Reached XP level 1. HP: 18/18 MP: 0/0
    82 | D:1      | Found Icyx's Jewellery Boutique.
   117 | D:1      | Reached XP level 2. HP: 16/23 MP: 0/0
   593 | D:1      | Reached skill level 1 in Armour
   593 | D:1      | Reached XP level 3. HP: 28/28 MP: 0/0
   593 | D:1      | Learned a level 1 spell: Sting
  1057 | D:2      | Found a broken altar of Ashenzari.
  2011 | D:3      | Noticed Ijyb
  2027 | D:3      | Slain by Ijyb

Illustrated notes

Levels and vault maps discovered:
D:1:      sevenhm_arrival_forest_fort_small_6, layout_loops_ring, serial_shops,
          shop_statue
D:2:      layout_basic, basic_altar
D:3:      layout_rooms, uniq_ijyb

Skill      XL: |  1  2 |
---------------+-------+-----
Long Blades    | 3 |  3.3
Armour         | 1 |  1.1
Fighting       | |  2.3
Throwing       | |  1.7
Dodging        | |  3.4
Spellcasting   | |  0.1

Action                     || total
---------------------------++-------
  Melee: Long sword        ||    71
  Throw: Dart              ||    15
   Cast: Sting             ||    15
 Armour: Leather armour    ||    30
  Dodge: Dodged            ||    61
